[Event "fics rated crazyhouse match"]
[Site "fics, Oklahoma City, OK USA"]
[Date "2000.12.27"]
[White "GusMcClain"]
[WhiteElo "2258"]
[Black "venomous"]
[BlackElo "2430"]
[TimeControl "60+0"]
[Result "0-1"]

1. e4 e6 2. d4 Nc6 3. Nc3 Nf6 4. Nf3 Bb4 5. Bd3 d5 6. e5 
Ne4 7. O-O Bxc3 8. bxc3 Nxc3 9. Qd2 P@e4 10. Ng5 exd3 11. cxd3 Nxd4 
12. P@f6 gxf6 13. Nxf7 N@f3+ 14. Kh1 P@h3 15. Rg1 Nxg1 16. Kxg1 hxg2 17. Nxd8 
Nf3+ 18. Kxg2 Rg8+ 19. P@g3 Nh4+ 20. Kg1 R@g2+ 21. Kh1 Rxh2+ 22. Kxh2 Nf3+ 
23. Kg2 Nh4+ 24. Kh2 Nf3+ 25. Kh3 B@g4+ 26. Kg2 Nh4+ 27. Kh2 Nf3+ 28. Kh1 
P@g2+ 29. Kxg2 P@h3+ 30. Kf1 P@g2# 
{GusMcClain checkmated} 0-1

[Event "fics rated crazyhouse match"]
[Site "fics, Oklahoma City, OK USA"]
[Date "2000.12.27"]
[White "venomous"]
[WhiteElo "2434"]
[Black "GusMcClain"]
[BlackElo "2254"]
[TimeControl "60+0"]
[Result "1-0"]

1. e4 e6 2. d4 Nf6 3. Bd3 d5 4. e5 Ne4 5. Nh3 Nc6 6. Be3 
Bb4+ 7. c3 Be7 8. O-O f5 9. exf6 Bxf6 10. P@e5 Be7 11. Nd2 Nxd2 
12. Qxd2 P@e4 13. Bb5 O-O 14. N@f4 N@f5 15. Rae1 a6 16. Be2 Qe8 17. Bg4 
Bh4 18. Bxf5 Rxf5 19. N@g3 Bxg3 20. fxg3 B@g4 21. B@e2 Bxh3 22. Nxh3 N@c4 
23. Bxc4 dxc4 24. Rxf5 exf5 25. B@d5+ B@e6 26. Bxe6+ Bxe6 27. N@g5 R@d3 28. Qf2 
N@d1 29. Qe2 Nxe3 30. Nxe6 B@d2 31. Nxc7 Bxe1 32. Nxe8 B@f2+ 33. Kh1 R@f1+ 
34. Qxf1 Nxf1 35. P@f7+ Kxf7 36. Nd6+ Ke7 37. Q@f7+ Kd8 38. R@e8# 
{GusMcClain checkmated} 1-0

[Event "fics rated crazyhouse match"]
[Site "fics, Oklahoma City, OK USA"]
[Date "2000.12.27"]
[White "GusMcClain"]
[WhiteElo "2250"]
[Black "venomous"]
[BlackElo "2438"]
[TimeControl "60+0"]
[Result "1-0"]

1. e4 e6 2. d4 Nc6 3. Nc3 Nf6 4. Nf3 Bb4 5. Bd3 d5 6. e5 
Ne4 7. O-O Bxc3 8. bxc3 Nxc3 9. Qd2 N@e4 10. Ng5 Nxg5 11. Qxg5 Qxg5 
12. Bxg5 P@h3 13. B@f3 hxg2 14. Bxg2 P@e4 15. N@h5 Q@g6 16. Q@h4 exd3 17. Nxg7+ 
Qxg7 18. P@f6 Qxg5 19. Qxg5 N@f3+ 20. Kh1 Nxg5 21. P@g7 Rg8 22. Q@h8 N@h6 
23. f4 B@g3 24. fxg5 B@b4 25. gxh6 Rxh8 26. gxh8=Q+ Q@f8 27. N@g7+ Kd7 28. Qxf8 
Q@e8 29. Qxe8# 
{venomous checkmated} 1-0

[Event "fics rated crazyhouse match"]
[Site "fics, Oklahoma City, OK USA"]
[Date "2000.12.27"]
[White "venomous"]
[WhiteElo "2426"]
[Black "GusMcClain"]
[BlackElo "2262"]
[TimeControl "60+0"]
[Result "0-1"]

1. e4 e6 2. d4 Nf6 3. Bd3 Nc6 4. Be3 Bb4+ 5. c3 Be7 6. Nd2 
d6 7. Ngf3 e5 8. d5 Nb8 9. O-O Bg4 10. Be2 O-O 11. Rc1 c6 
12. c4 Nbd7 13. dxc6 bxc6 14. P@h6 gxh6 15. Bxh6 P@g7 16. Bxg7 Kxg7 17. P@g5 
Nh5 18. P@h6+ Kg8 19. c5 Bxg5 20. Nxg5 Bxe2 21. Qxe2 Qxg5 22. B@g3 Qxh6 
23. cxd6 N@f4 24. Qg4+ Qg6 25. Qxg6+ hxg6 26. P@e7 P@h3 27. B@f3 hxg2 28. Bxg2 
P@h3 29. exf8=Q+ Rxf8 30. P@e7 Ne2+ 31. Kh1 hxg2+ 32. Kxg2 Nef4+ 33. Kf3 Q@e2# 
{venomous checkmated} 0-1

[Event "fics rated crazyhouse match"]
[Site "fics, Oklahoma City, OK USA"]
[Date "2000.12.28"]
[White "VampireGod"]
[WhiteElo "2316"]
[Black "venomous"]
[BlackElo "2414"]
[TimeControl "180+0"]
[Result "0-1"]

1. e4 e6 2. Nc3 Nc6 3. d4 Nf6 4. e5 Nd5 5. Nf3 d6 6. Bd3 
dxe5 7. dxe5 P@g4 8. Nxd5 exd5 9. Nd4 Nxd4 10. Bxh7 N@f3+ 11. gxf3 Nxf3+ 
12. Kf1 Rxh7 13. P@g2 Nxh2+ 14. Kg1 Nf3+ 15. gxf3 Rxh1+ 16. Kxh1 gxf3 17. N@f4 
P@g2+ 18. Nxg2 fxg2+ 19. Kxg2 P@f3+ 20. Kxf3 B@g4# 
{VampireGod resigns} 0-1

[Event "fics rated crazyhouse match"]
[Site "fics, Oklahoma City, OK USA"]
[Date "2000.12.28"]
[White "venomous"]
[WhiteElo "2420"]
[Black "VampireGod"]
[BlackElo "2310"]
[TimeControl "180+0"]
[Result "1-0"]

1. e4 e6 2. d4 Nc6 3. Be3 d5 4. e5 Nge7 5. Nh3 Nf5 6. Be2 
Be7 7. O-O O-O 8. Nc3 f6 9. exf6 Bxf6 10. P@e5 Bxe5 11. dxe5 Nxe5 
12. B@d4 P@f6 13. Nf4 Nc4 14. Bxc4 dxc4 15. N@h5 e5 16. Bxe5 fxe5 17. Qxd8 
Rxd8 18. P@g6 hxg6 19. Nxg6 Q@h7 20. P@f7+ Kxf7 21. Nxe5+ Kg8 22. Rad1 Be6 
23. Q@g6 Qxg6 24. Nxg6 Q@h7 25. Nhf4 P@f7 26. P@e7 Re8 27. Nf8 Rxf8 28. exf8=Q+ 
Rxf8 29. Nxe6 fxe6 30. R@d8 N@f3+ 31. gxf3 N@h3+ 32. Kh1 P@g2+ 33. Kxg2 Nxe3+ 
34. fxe3 Nf4+ 35. exf4 B@h3+ 36. Kg1 B@c5+ 37. B@f2 P@g2 38. P@f7+ Kh8 39. Rxf8+ 
Bxf8 40. R@g8+ Qxg8 41. fxg8=Q+ Kxg8 42. Q@f7+ Kxf7 43. N@e5+ Kg8 44. Q@f7+ Kh8 
45. Qxf8+ Kh7 46. B@g6+ Kh6 47. N@f7# 
{VampireGod checkmated} 1-0

[Event "fics rated crazyhouse match"]
[Site "fics, Oklahoma City, OK USA"]
[Date "2000.12.28"]
[White "VampireGod"]
[WhiteElo "2304"]
[Black "venomous"]
[BlackElo "2426"]
[TimeControl "180+0"]
[Result "1-0"]

1. e4 e6 2. d4 Nc6 3. Nc3 Nf6 4. e5 Nd5 5. Nxd5 exd5 6. Nf3 
d6 7. Bb5 Be7 8. Qe2 O-O 9. Bxc6 bxc6 10. N@h5 B@a6 11. N@d3 Re8 
12. Nxg7 Kxg7 13. P@f6+ Bxf6 14. exf6+ Kg8 15. B@e7 Qd7 16. Bf4 P@e4 17. O-O 
N@g6 18. Bg3 exd3 19. cxd3 N@f5 20. Nh4 Nxd4 21. Qh5 Rxe7 22. Nxg6 fxg6 
23. N@h6+ Kh8 24. fxe7 Qxe7 25. R@g8# 
{venomous checkmated} 1-0

[Event "fics rated crazyhouse match"]
[Site "fics, Oklahoma City, OK USA"]
[Date "2000.12.28"]
[White "venomous"]
[WhiteElo "2415"]
[Black "VampireGod"]
[BlackElo "2315"]
[TimeControl "180+0"]
[Result "1-0"]

1. e4 e5 2. Nf3 Nc6 3. Bc4 Bc5 4. O-O Nf6 5. d3 d6 6. Bg5 
Nd4 7. Nbd2 Bg4 8. c3 Nxf3+ 9. Nxf3 h6 10. Bh4 N@g5 11. N@d2 Nxf3+ 
12. Nxf3 N@g5 13. N@d2 Nxf3+ 14. Nxf3 N@g5 15. Bxg5 hxg5 16. Bxf7+ Kxf7 17. Nxg5+ 
Ke7 18. N@g6+ Kd7 19. Qxg4+ Nxg4 20. B@e6+ Kc6 21. Bd5+ Kb6 22. Nxh8 B@b5 
23. Nhf7 Qf6 24. R@f3 Nxf2 25. R1xf2 Bxf2+ 26. Kh1 R@f4 27. P@a5+ Ka6 28. a4 
Bxa4 29. Rxf4 Bc5 30. Rxf6 gxf6 31. Bxb7+ Kxb7 32. N@d8+ Rxd8 33. Nxd8+ Kc8 
34. R@b8+ Kd7 35. Q@e6# 
{VampireGod checkmated} 1-0

[Event "fics rated crazyhouse match"]
[Site "fics, Oklahoma City, OK USA"]
[Date "2000.12.28"]
[White "VampireGod"]
[WhiteElo "2309"]
[Black "venomous"]
[BlackElo "2421"]
[TimeControl "180+0"]
[Result "0-1"]

1. e4 e6 2. d4 b6 3. Bd3 Bb7 4. Nc3 Nf6 5. Nge2 Nc6 6. Be3 
d5 7. e5 Ng4 8. O-O Ngxe5 9. dxe5 Nxe5 10. Bd4 Nxd3 11. cxd3 P@c5 
12. Be5 B@d6 13. Bg3 h5 14. N@b5 h4 15. Bxd6 Bxd6 16. Nxd6+ cxd6 17. Nb5 
h3 18. gxh3 N@f3+ 19. Kh1 Rxh3 20. B@g3 d4 21. Nxd6+ Qxd6 22. Bxd6 Nh4+ 
23. f3 P@g2+ 24. Kg1 gxf1=Q+ 25. Qxf1 B@e3+ 26. B@f2 Nxf3+ 27. Kh1 Nxh2+ 28. P@g2 
Nxf1+ 29. P@h2 Bxg2+ 30. Kxg2 Q@f3+ 31. Kxf1 Qxf2# 
{VampireGod checkmated} 0-1

[Event "fics rated crazyhouse match"]
[Site "fics, Oklahoma City, OK USA"]
[Date "2000.12.28"]
[White "venomous"]
[WhiteElo "2427"]
[Black "VampireGod"]
[BlackElo "2303"]
[TimeControl "180+0"]
[Result "1-0"]

1. e4 e5 2. Nf3 Nc6 3. Nc3 Bc5 4. Be2 Nf6 5. O-O d6 6. d3 
O-O 7. Bg5 Be6 8. Nd5 Bxd5 9. exd5 Nd4 10. Nxd4 Bxd4 11. c3 Bb6 
12. N@e4 N@e8 13. Nxf6+ Nxf6 14. B@h4 N@e8 15. N@h5 N@d7 16. Bg4 Kh8 17. Bxd7 
Qxd7 18. Bxf6 Nxf6 19. Bxf6 gxf6 20. Nxf6 Qe7 21. P@g7+ Kxg7 22. N@f5+ Kxf6 
23. Nxe7 B@h4 24. N@e4+ Kxe7 25. N@f5+ Kd7 26. Nxh4 N@f4 27. Qg4+ P@e6 28. dxe6+ 
fxe6 29. P@g7 Rf7 30. g8=Q N@h3+ 31. Kh1 P@f3 32. Qxf7+ B@e7 33. Qxe7+ Kxe7 
34. B@f6+ Kd7 35. B@b5+ B@c6 36. Q@e7+ Kc8 37. R@d8# 
{VampireGod checkmated} 1-0

[Event "fics rated crazyhouse match"]
[Site "fics, Oklahoma City, OK USA"]
[Date "2000.12.28"]
[White "VampireGod"]
[WhiteElo "2298"]
[Black "venomous"]
[BlackElo "2432"]
[TimeControl "180+0"]
[Result "1-0"]

1. e4 e6 2. d4 Nc6 3. Nc3 Nf6 4. e5 Nd5 5. Nxd5 exd5 6. Nf3 
d6 7. Bb5 Bd7 8. Qe2 N@e4 9. N@g5 Be7 10. Nxe4 dxe4 11. Qxe4 dxe5 
12. dxe5 P@f5 13. Qe2 N@d4 14. Qd3 Nxf3+ 15. Qxf3 N@d4 16. Qd3 Nxb5 17. Qxb5 
Nd4 18. Qd3 Bb4+ 19. P@c3 B@e4 20. Qxd4 Bxg2 21. Rg1 Bdc6 22. Qxb4 a5 
23. Qf4 Qd5 24. N@e3 Qe4 25. Qxe4 Bgxe4 26. N@h5 O-O-O 27. P@a7 Q@a8 28. B@d4 
P@b6 29. Nxg7 Qxa7 30. N@e7+ Kb8 31. P@e2 P@c5 32. Bd2 cxd4 33. cxd4 B@f8 
34. Ngxf5 Bxe7 35. Nxe7 Rxd4 36. P@g7 Rhd8 37. g8=Q Rxd2 38. Qxd8+ Rxd8 39. P@d6 
P@d2+ 40. Kxd2 P@f4 41. Nc4 B@b5 42. R@g8 N@e8 43. P@d3 cxd6 44. exd6 Rxd6 
45. Nxd6 P@e3+ 46. Kd1 Kc7 47. Nxe8+ Bxe8 48. P@d6+ Kxd6 49. N@f5+ Bxf5 50. Nxf5+ 
Ke5 51. Q@d6+ Kxf5 52. B@e4# 
{venomous checkmated} 1-0

[Event "fics rated crazyhouse match"]
[Site "fics, Oklahoma City, OK USA"]
[Date "2000.12.28"]
[White "venomous"]
[WhiteElo "2421"]
[Black "VampireGod"]
[BlackElo "2309"]
[TimeControl "180+0"]
[Result "1-0"]

1. e4 e5 2. Nf3 Nc6 3. Be2 Bc5 4. O-O Nf6 5. Nc3 d6 6. d3 
h6 7. Be3 Nd4 8. Bxd4 Bxd4 9. Nxd4 exd4 10. Nd5 Nxd5 11. exd5 N@f4 
12. N@h5 Nxh5 13. Bxh5 N@f4 14. Re1+ B@e5 15. Bxf7+ Kxf7 16. P@e6+ Kf8 17. Qf3 
B@h5 18. Qxh5 Nxh5 19. N@g6+ Kg8 20. B@f7+ Kh7 21. Nxe5 N@f4 22. B@g6+ Nxg6 
23. Bxg6+ Kg8 24. Bf7+ Kf8 25. N@g6# 
{VampireGod checkmated} 1-0

[Event "fics rated crazyhouse match"]
[Site "fics, Oklahoma City, OK USA"]
[Date "2000.12.28"]
[White "VampireGod"]
[WhiteElo "2303"]
[Black "venomous"]
[BlackElo "2427"]
[TimeControl "180+0"]
[Result "0-1"]

1. e4 e6 2. d4 Nc6 3. Nc3 Bb4 4. a3 Be7 5. Be3 Nf6 6. Bd3 
d5 7. e5 Nd7 8. Nh3 f5 9. exf6 Nxf6 10. O-O e5 11. dxe5 Bxh3 
12. gxh3 Nxe5 13. P@g2 P@e4 14. Bb5+ c6 15. Be2 P@f3 16. gxf3 exf3 17. Bxf3 
Nxf3+ 18. Qxf3 B@e4 19. P@f7+ Kd7 20. B@e6+ Kxe6 21. N@g5+ Kd7 22. Ncxe4 dxe4 
23. B@e6+ Kc7 24. Qg3+ B@d6 25. P@b6+ axb6 26. Bxb6+ Kxb6 27. Qb3+ B@b5 28. P@g2 
N@e2+ 29. Kh1 P@f3 30. gxf3 exf3 31. Nxf3 P@g2+ 32. Kxg2 Nf4+ 33. Kg3 Nxe6+ 
34. P@e5 Ne4+ 35. Kg2 Nf4+ 36. Kg1 N@e2+ 37. Kh1 P@g2# 
{VampireGod checkmated} 0-1

[Event "fics rated crazyhouse match"]
[Site "fics, Oklahoma City, OK USA"]
[Date "2000.12.28"]
[White "venomous"]
[WhiteElo "2432"]
[Black "VampireGod"]
[BlackElo "2298"]
[TimeControl "180+0"]
[Result "1-0"]

1. e4 e6 2. d4 Nc6 3. Be3 d5 4. e5 Nge7 5. Nh3 Nf5 6. Be2 
Be7 7. O-O O-O 8. Nd2 f6 9. exf6 Bxf6 10. P@e5 Nxe5 11. dxe5 Bxe5 
12. Nf3 Bxb2 13. Rb1 Bf6 14. N@g4 Be7 15. Nd4 P@f6 16. Bd3 P@e4 17. Be2 
Nh4 18. f3 exf3 19. Bxf3 P@e4 20. Be2 Nxg2 21. Kxg2 P@f3+ 22. Bxf3 exf3+ 
23. Rxf3 P@e4 24. P@h6 exf3+ 25. Nxf3 P@e4 26. Nh4 B@f3+ 27. Nxf3 exf3+ 28. Kh1 
Rf7 29. hxg7 Rxg7 30. N@h6+ Kh8 31. Qxf3 N@h4 32. B@g2 Nxf3 33. Bxf3 R@f8 
34. Rg1 P@e5 35. N@h5 Q@g6 36. Nxg7 Qxg7 37. Nxe5 N@g5 38. Bxg5 fxg5 39. N@f7+ 
Rxf7 40. Nexf7+ Qxf7 41. Nxf7+ Kg7 42. Nxd8 Bxd8 43. P@h6+ Kf6 44. Q@g7+ Kf5 
45. Q@e5# 
{VampireGod checkmated} 1-0

[Event "fics rated crazyhouse match"]
[Site "fics, Oklahoma City, OK USA"]
[Date "2000.12.28"]
[White "BarryWhite"]
[WhiteElo "2329"]
[Black "venomous"]
[BlackElo "2415"]
[TimeControl "120+0"]
[Result "1-0"]

1. e4 e6 2. Nc3 a6 3. d4 b5 4. Nf3 Bb7 5. Bd3 Nf6 6. Qe2 
Nc6 7. O-O Be7 8. Be3 Nb4 9. Rad1 Nxd3 10. cxd3 B@h5 11. N@f4 Bxf3 
12. Qxf3 b4 13. Nce2 N@g5 14. Qg3 Nfxe4 15. dxe4 Nxe4 16. Qxg7 Bf6 17. Qxh8+ 
Bxh8 18. R@g8+ Ke7 19. Rxd8 Rxd8 20. B@e5 P@d6 21. Bxh8 Rxh8 22. B@h4+ P@f6 
23. P@e5 B@g7 24. N@h5 Rg8 25. Nxg7 Rxg7 26. exf6+ Nxf6 27. Bxf6+ Kxf6 28. N@h5+ 
Ke7 29. B@f6+ Kf8 30. P@e7+ Kg8 31. Q@f8# 
{venomous checkmated} 1-0

[Event "fics rated crazyhouse match"]
[Site "fics, Oklahoma City, OK USA"]
[Date "2000.12.28"]
[White "venomous"]
[WhiteElo "2405"]
[Black "BarryWhite"]
[BlackElo "2339"]
[TimeControl "120+0"]
[Result "0-1"]

1. e4 e6 2. d4 d5 3. e5 Nc6 4. Nh3 Nge7 5. Be3 Nf5 6. Be2 
Be7 7. O-O O-O 8. Nd2 f6 9. exf6 Bxf6 10. P@e5 Bh4 11. Bg4 P@e4 
12. Nf4 Ncxd4 13. Bxd4 Nxd4 14. Nxe6 Nxe6 15. P@f5 Nf4 16. Nxe4 Bxf5 17. Bxf5 
Rxf5 18. Qg4 B@g6 19. P@f6 P@h3 20. N@e7+ Qxe7 21. fxe7 N@e2+ 22. Kh1 hxg2+ 
23. Qxg2 Nxg2 24. P@d7 B@f3 25. d8=Q+ Q@e8 26. B@e6+ Kh8 27. Q@f8+ Rxf8 28. exf8=Q+ 
Qxf8 29. Qxf8+ Rxf8 
{venomous resigns} 0-1

[Event "fics rated crazyhouse match"]
[Site "fics, Oklahoma City, OK USA"]
[Date "2000.12.28"]
[White "BarryWhite"]
[WhiteElo "2348"]
[Black "venomous"]
[BlackElo "2396"]
[TimeControl "120+0"]
[Result "1-0"]

1. e4 e6 2. Nc3 Nc6 3. d4 Nf6 4. e5 Nd5 5. Nxd5 exd5 6. Nf3 
d6 7. Be2 Be7 8. N@h5 Rg8 9. O-O Bg4 10. Nf4 dxe5 11. Nxe5 Nxe5 
12. dxe5 Bxe2 13. Qxe2 N@d4 14. Qd3 P@f3 15. Qxd4 fxg2 16. Kxg2 P@f3+ 17. Kxf3 
B@e4+ 18. Ke2 Bg5 19. B@g4 Bxf4 20. P@d7+ Kf8 21. Bxf4 N@c6 22. Qd2 N@d4+ 
23. Kd1 Bxc2+ 24. Kc1 Bf5 25. Bxf5 Nxf5 26. B@a3+ P@b4 27. Bxb4+ Nxb4 28. Qxb4+ 
B@e7 29. P@d6 Qxd7 30. dxe7+ Nxe7 31. P@f6 c5 32. fxe7+ Qxe7 33. B@d6 B@d8 
34. Bxe7+ Bxe7 35. P@d6 cxb4 36. dxe7+ Ke8 37. N@d6+ Kd7 38. N@c5+ Kc6 39. Q@d7+ 
Kxc5 40. Qb5+ Kd4 41. B@e3# 
{venomous checkmated} 1-0

[Event "fics rated crazyhouse match"]
[Site "fics, Oklahoma City, OK USA"]
[Date "2000.12.28"]
[White "venomous"]
[WhiteElo "2387"]
[Black "BarryWhite"]
[BlackElo "2357"]
[TimeControl "120+0"]
[Result "1-0"]

1. e4 e6 2. d4 d5 3. e5 Ne7 4. Nh3 Nf5 5. Be3 Nc6 6. Bb5 
Bd7 7. Nc3 Be7 8. O-O O-O 9. Nf4 f6 10. exf6 Bxf6 11. Bxc6 bxc6 
12. P@g6 hxg6 13. Nxg6 P@h7 14. Nxf8 Qxf8 15. P@g5 Be7 16. N@e5 B@e8 17. Nxd7 
Bxd7 18. B@g4 Nh4 19. R@h3 N@g6 20. f4 N@f5 21. Bxf5 Nxf5 22. N@e5 Be8 
23. Nxg6 Bxg6 24. N@e5 B@e8 25. Ne2 Nxe3 26. Rxe3 N@f5 27. N@g4 B@b5 28. Ng3 
Nxg3 29. Rxg3 N@e2+ 30. Kh1 Nxg3+ 31. hxg3 P@e2 32. Qd2 exf1=Q+ 33. Rxf1 Bxf1 
34. P@h6 R@h5+ 35. N@h2 R@e2 36. Qxe2 Bxe2 37. hxg7 Qxg7 38. P@f6 R@e1+ 39. N@g1 
Bxf6 40. gxf6 Bxg4 41. Nxg4 Q@d1 42. B@f2 Rxg1+ 43. Bxg1 N@e4 44. B@f2 Nxf2+ 
45. Nxf2 Rxh2+ 46. Kxh2 N@f1+ 47. Kh1 
{BarryWhite forfeits on time} 1-0

[Event "fics rated crazyhouse match"]
[Site "fics, Oklahoma City, OK USA"]
[Date "2000.12.28"]
[White "BarryWhite"]
[WhiteElo "2350"]
[Black "venomous"]
[BlackElo "2394"]
[TimeControl "120+0"]
[Result "0-1"]

1. e4 d6 2. Nc3 Nf6 3. d4 Bg4 4. Nf3 Nc6 5. Be2 Bxf3 6. Bxf3 
N@h4 7. B@e2 Nxf3+ 8. Bxf3 B@b6 9. Be3 e5 10. d5 Nd4 11. O-O Nxf3+ 
12. Qxf3 B@g4 13. Qg3 h5 14. N@h4 Bxe3 15. fxe3 g5 16. Nf5 h4 17. Qf2 
Bxf5 18. Qxf5 N@g4 19. B@e6 B@g6 20. Bxf7+ Kxf7 21. B@e6+ Kg7 22. Qxg5 B@h6 
23. N@f5+ Kh7 24. Qxh4 Nxe4 25. Qxd8 Rxd8 26. Nxe4 Be7 27. P@f6 Bxf6 28. Nxf6+ 
Nxf6 29. Nxh6 P@e2 30. Rf2 Q@d1+ 31. Q@e1 Qxe1+ 32. Rxe1 P@d2 33. Rfxe2 dxe1=Q+ 
34. Rxe1 R@e2 35. Rf1 N@f3# 
{BarryWhite forfeits on time} 0-1

[Event "fics rated crazyhouse match"]
[Site "fics, Oklahoma City, OK USA"]
[Date "2000.12.28"]
[White "venomous"]
[WhiteElo "2401"]
[Black "BarryWhite"]
[BlackElo "2343"]
[TimeControl "120+0"]
[Result "1-0"]

1. e4 e6 2. d4 d5 3. e5 Nc6 4. Nh3 Nge7 5. Be3 Nf5 6. Be2 
Be7 7. O-O O-O 8. Nd2 f6 9. exf6 Bxf6 10. P@e5 Be7 11. Bg4 Bd7 
12. Bxf5 exf5 13. Nf4 B@f7 14. Nf3 P@e4 15. Ne1 Bde6 16. Nxe6 Bxe6 17. N@f4 
N@g5 18. B@h4 Qd7 19. Bxg5 Bxg5 20. Nxe6 Bxe3 21. Nxf8 Bxf2+ 22. Rxf2 Rxf8 
23. e6 Qxe6 24. N@f4 Qe7 25. Nxd5 Qf7 26. P@e6 Qxe6 27. B@b3 Kh8 28. Nxc7 
Qg6 29. R@g3 B@g5 30. B@h5 Qh6 31. Ne6 B@e3 32. Nxg5 Bxg5 33. Rxg5 Qxg5 
34. B@g3 P@e3 35. B@f4 exf2+ 36. Kxf2 e3+ 37. Kf1 R@h1+ 38. Ke2 Qxh5+ 39. P@f3 
B@d2 40. Bxe3 Bxe3 41. Kxe3 f4+ 42. Bxf4 N@e6 43. B@g3 Nxf4 44. Bxf4 N@f1+ 
45. Ke2 Rxf4 46. P@e3 B@b5+ 47. P@c4 Re4 48. P@f2 R@e8 49. N@f7# 
{BarryWhite forfeits on time} 1-0

[Event "fics rated crazyhouse match"]
[Site "fics, Oklahoma City, OK USA"]
[Date "2000.12.29"]
[White "valdushka"]
[WhiteElo "2207"]
[Black "venomous"]
[BlackElo "2424"]
[TimeControl "60+0"]
[Result "0-1"]

1. e4 Nf6 2. Nc3 d5 3. exd5 Nxd5 4. Nxd5 Qxd5 5. d4 e6 6. Nf3 
Nc6 7. Be2 Bb4+ 8. Bd2 Bxd2+ 9. Qxd2 N@e4 10. Qd1 P@e3 11. O-O exf2+ 
12. Kh1 P@g4 13. N@e3 gxf3 14. Bxf3 Qxd4 15. Qxd4 N@g3+ 16. hxg3 Nxg3+ 17. Kh2 
Nxf1+ 18. Rxf1 Nxd4 19. Q@g3 Nxf3+ 20. gxf3 B@g1+ 21. Rxg1 fxg1=Q+ 22. Qxg1 B@f4+ 
23. B@g3 Bxe3 24. B@f2 Bxf2 25. Qxf2 R@h6+ 26. B@h3 B@f5 27. P@g4 Rxh3+ 28. Kxh3 
N@g5+ 29. Kg2 Q@h3# 
{valdushka resigns} 0-1

[Event "fics rated crazyhouse match"]
[Site "fics, Oklahoma City, OK USA"]
[Date "2000.12.29"]
[White "venomous"]
[WhiteElo "2428"]
[Black "valdushka"]
[BlackElo "2203"]
[TimeControl "60+0"]
[Result "1-0"]

1. e4 Nf6 2. Nc3 d5 3. exd5 Nxd5 4. Bc4 e6 5. Nf3 Nf4 6. Rg1 
Nc6 7. d4 Nd5 8. Bd2 Nxc3 9. bxc3 N@g4 10. Qe2 Bd7 11. h3 Nxf2 
12. Qxf2 Bd6 13. P@e5 Be7 14. N@h5 Rg8 15. Bd3 P@g6 16. Nf4 P@f6 17. exf6 
Bxf6 18. P@e5 Be7 19. Rb1 P@b6 20. Be3 Na5 21. Qe2 Bc6 22. N@e4 Qd7 
23. c4 O-O-O 24. d5 exd5 25. cxd5 Bxd5 26. Nxd5 Qxd5 27. P@a6 bxa6 28. Bxa6+ 
P@b7 29. B@c4 P@d2+ 30. Nfxd2 Qxe5 31. Bxb7+ Nxb7 32. P@c6 B@a8 33. P@a6 N@a5 
34. axb7+ Nxb7 35. P@a6 Na5 36. Bxf7 Nxc6 37. Bxg8 Bb7 38. axb7+ Kxb7 39. B@a6+ 
Kb8 40. P@b7 P@f2+ 41. Nxf2 
{valdushka resigns} 1-0

[Event "fics rated crazyhouse match"]
[Site "fics, Oklahoma City, OK USA"]
[Date "2000.12.29"]
[White "valdushka"]
[WhiteElo "2200"]
[Black "venomous"]
[BlackElo "2431"]
[TimeControl "60+0"]
[Result "1-0"]

1. e4 Nf6 2. Nc3 d5 3. exd5 Nxd5 4. Nxd5 Qxd5 5. d4 e6 6. N@e3 
Qd8 7. Nf3 Nc6 8. Bb5 Bd7 9. P@e5 Be7 10. d5 exd5 11. Nxd5 Nxe5 
12. Bxd7+ Nxd7 13. P@h6 B@f6 14. hxg7 Bxg7 15. P@h6 Bgf6 16. B@g7 Bxg7 17. hxg7 
Rg8 18. B@h6 N@f5 19. Qe2 B@e6 20. Nf4 Nxh6 21. Nxe6 fxe6 22. Bxh6 B@f7 
23. N@e5 Nxe5 24. Nxe5 N@d6 25. B@d7+ Qxd7 26. Nxd7 N@d4 27. N@f6+ Kd8 28. Qd2 
N6f5 29. Nxg8 Bxg8 30. R@f8+ Kxd7 31. Rxf5 exf5 32. Qxd4+ R@d5 33. N@e5+ Kc8 
34. Q@d7+ Kb8 35. Q7xd5 Bxd5 36. N@d7+ Kc8 37. Qxd5 B@b4+ 38. Bd2 P@a5 39. Bxb4 
Bxb4+ 40. B@d2 N@d3+ 41. cxd3 Q@e2+ 42. Kxe2 N@f4+ 43. Kf3 B@h5+ 44. Kxf4 
{venomous forfeits on time} 1-0

[Event "fics rated crazyhouse match"]
[Site "fics, Oklahoma City, OK USA"]
[Date "2000.12.29"]
[White "venomous"]
[WhiteElo "2418"]
[Black "valdushka"]
[BlackElo "2213"]
[TimeControl "60+0"]
[Result "1-0"]

1. e4 Nf6 2. Nc3 d5 3. exd5 Nxd5 4. Bc4 e6 5. Nf3 Nc6 6. d4 
Bb4 7. Bd2 Bxc3 8. bxc3 N@f4 9. Rg1 P@h3 10. gxh3 Nxh3 11. Rg3 Nhf4 
12. B@g5 P@f6 13. Bgxf4 Nxf4 14. Bxf4 B@g6 15. P@g4 Qe7 16. P@h5 e5 17. dxe5 
fxe5 18. Be3 P@f4 19. hxg6 hxg6 20. N@d5 Qd8 21. P@e7 Nxe7 22. N@f6+ gxf6 
23. Nxf6+ Kf8 24. Qxd8+ Kg7 25. Qxh8+ Kxh8 26. Q@h7# 
{valdushka checkmated} 1-0

[Event "fics rated crazyhouse match"]
[Site "fics, Oklahoma City, OK USA"]
[Date "2000.12.29"]
[White "valdushka"]
[WhiteElo "2209"]
[Black "venomous"]
[BlackElo "2422"]
[TimeControl "60+0"]
[Result "0-1"]

1. e4 Nf6 2. Nc3 d5 3. exd5 Nxd5 4. Nxd5 Qxd5 5. d4 e6 6. Nf3 
Nc6 7. Be2 Bb4+ 8. P@c3 Be7 9. N@f4 Qd8 10. Nh5 Rg8 11. Ng3 P@f6 
12. O-O N@d5 13. Be3 Bd7 14. Qd2 Bd6 15. Rae1 Qe7 16. Qd1 Nxe3 17. fxe3 
B@h6 18. N@g4 f5 19. Nxh6 gxh6 20. B@f2 N@g4 21. Nh4 Nxf2 22. Rxf2 Rxg3 
23. hxg3 Bxg3 24. R@g8+ B@f8 25. Rxg3 Qxh4 26. B@h2 N@e4 27. N@g7+ Bxg7 28. Rxg7 
Qxf2+ 29. Kh1 O-O-O 30. B@g3 Qxe3 31. Bf3 N@f2+ 32. Bxf2 Nxf2+ 33. Kg1 R@h1# 
{valdushka checkmated} 0-1

[Event "fics rated crazyhouse match"]
[Site "fics, Oklahoma City, OK USA"]
[Date "2000.12.29"]
[White "venomous"]
[WhiteElo "2426"]
[Black "valdushka"]
[BlackElo "2205"]
[TimeControl "60+0"]
[Result "1-0"]

1. e4 Nf6 2. Nc3 d5 3. exd5 Nxd5 4. Bc4 e6 5. Nf3 Nf4 6. Rg1 
P@d5 7. Bb5+ Bd7 8. Bxd7+ Nxd7 9. d4 Ng6 10. P@h5 B@g4 11. hxg6 hxg6 
12. B@g3 P@e4 13. Ng5 Bxd1 14. Nxd1 Be7 15. Nxf7 Kxf7 16. B@e3 Rf8 17. N@g5+ 
Bxg5 18. Bxg5 Qe8 19. Bxc7 N@f5 20. P@e7 Nxe7 21. Bxe7 Qxe7 22. N@g5+ Kg8 
23. B@d6 Qf6 24. Be5 Nxe5 25. Bxe5 B@a5+ 26. P@c3 Qxe5 27. dxe5 P@h7 28. N@e7# 
{valdushka resigns} 1-0

[Event "fics rated crazyhouse match"]
[Site "fics, Oklahoma City, OK USA"]
[Date "2000.12.29"]
[White "valdushka"]
[WhiteElo "2201"]
[Black "venomous"]
[BlackElo "2430"]
[TimeControl "60+0"]
[Result "1-0"]

1. e4 Nf6 2. Nc3 d5 3. exd5 Nxd5 4. Nxd5 Qxd5 5. d4 e6 6. N@e3 
Qd8 7. Nf3 Nc6 8. d5 exd5 9. Nxd5 Bg4 10. Be2 P@e6 11. Nf4 Qxd1+ 
12. Bxd1 Q@e4+ 13. Be3 Rd8 14. P@d3 Qb4+ 15. Q@c3 Qxc3+ 16. bxc3 N@b2 17. P@e2 
Nxd1 18. Rxd1 B@b2 19. N@e4 P@d5 20. Q@b3 dxe4 21. Qxb2 exf3 22. exf3 Bf5 
23. Qxb7 N@a5 24. Qxc7 Bd6 25. Qxd8+ Nxd8 26. P@e4 Bg6 27. Nxg6 hxg6 28. B@b5+ 
N@c6 29. Bxc6+ Naxc6 30. P@d7+ Kxd7 31. P@d5 Q@a5 32. dxc6+ Nxc6 33. B@b4 Nxb4 
34. cxb4 Bxb4+ 35. N@d2 P@c3 36. R@d4+ P@d5 37. O-O cxd2 38. Bxd2 N@e2+ 39. Kh1 
Nxd4 40. P@c6+ Nxc6 41. exd5 Rxh2+ 42. Kxh2 R@h5+ 43. P@h3 Rxh3+ 44. gxh3 Q@g2+ 
45. Kxg2 N@h4+ 46. Kh2 Nxf3+ 47. Kg3 
{venomous forfeits on time} 1-0

[Event "fics rated crazyhouse match"]
[Site "fics, Oklahoma City, OK USA"]
[Date "2000.12.29"]
[White "venomous"]
[WhiteElo "2417"]
[Black "valdushka"]
[BlackElo "2214"]
[TimeControl "60+0"]
[Result "1-0"]

1. e4 Nf6 2. Nc3 d5 3. exd5 Nxd5 4. Bc4 e6 5. Nf3 Nc6 6. d4 
Nxc3 7. bxc3 N@e4 8. Bd2 Nd6 9. Be2 P@f6 10. O-O Bd7 11. Rb1 Rb8 
12. P@e5 Nf5 13. exf6 gxf6 14. P@g4 Nd6 15. N@h5 P@g7 16. c4 Qe7 17. Re1 
g6 18. Ng3 Rg8 19. d5 exd5 20. cxd5 Ne5 21. Nxe5 fxe5 22. P@f6 Qxf6 
23. N@e4 Qe7 24. Bg5 f6 25. Nxf6+ Kd8 26. Nxh7 
{valdushka resigns} 1-0